Map: Vigília Leste LE

Players

Blamt - Winner!

  • Race: Terran Terran
  • League: Silver
  • Spawn Location: 7:00

IagoAbreu

  • Race: Terran Terran
  • League: Silver
  • Spawn Location: 1:00

VOD

Have the link to the VOD?

Description

Time

  • Played on: March 9, 2018, 6:02 p.m.
  • Length: 18:02
Show
View Real Time Build Order
Export as new Build Order

Blamt Terran - Winner!

Build Orders:  

Get SALT Encoding   

  12  0:02  SCV  
  13  0:19  Supply Depot  
  13  0:20  SCV  
  14  0:25  Refinery  
  14  0:43  Barracks  
  14  0:44  SCV  
  15  0:52  Refinery  
  15  0:59  SCV  
  16  1:11  SCV  
  17  1:23  SCV  
  18  1:32  Barracks Tech Lab  
  18  1:33  Factory  
  18  1:42  Orbital Command  
  18  2:04  Barracks Reactor  
  18  2:07  SCV  
  19  2:35  Barracks  
  19  2:37  SCV  
  19  2:41  Supply Depot  
  19  2:44  Siege Tank  
  23  2:56  Supply Depot  
  23  3:02  Marine x2, SCV  
  26  3:14  SCV  
  26  3:19  Engineering Bay  
  27  3:24  Barracks Tech Lab  
  27  3:27  SCV  
  28  3:44  Command Center  
  28  3:50  Siege Tank  
  28  3:54  Marine  
  28  3:55  Marine  
  33  4:09  Missile Turret  
  33  4:14  SCV  
  34  4:17  Supply Depot  
  34  4:29  Siege Tank  
  37  4:32  Marine x2  
  39  4:46  Sensor Tower  
  39  4:47  Refinery  
  39  4:50  Marine  
  40  4:58  Supply Depot  
  40  5:00  SCV  
  41  5:20  Marine x2, Factory  
  42  5:44  Refinery  
  40  6:05  Factory Tech Lab  
  40  6:06  Starport  
  40  6:07  Marine x3  
  40  6:26  Command Center  
  40  6:38  Marine  
  40  6:39  Marine x2  
  43  6:47  Terran Infantry Weapons Level 1  
  43  6:56  Marine x2  
  36  7:21  Starport Tech Lab  
  26  7:44  Marine x3  
  26  7:47  Siege Tank x2  
  34  7:51  SCV  
  35  8:14  Marine x3  
  35  8:31  Marine  
  35  8:32  Marine x2  
  38  8:41  Banshee  
  41  8:44  Cloaking Field  
  41  8:49  SCV  
  42  9:10  Siege Tank x2  
  48  9:23  Marine x3, Banshee  
  44  10:15  Siege Tank  
  44  10:30  Marine x3  
  45  10:48  Marine, Siege Tank  
  49  11:02  SCV  
  50  11:05  Command Center  
  50  11:09  Marine  
  51  11:14  SCV  
  52  11:43  Marine x3  
  55  12:12  Supply Depot  
  55  12:16  Marine x3, Supply Depot  
  43  12:46  Marine x2  
  43  12:47  Marine  
  39  12:59  Missile Turret  
  39  13:01  Missile Turret  
  39  13:02  Viking  
  41  13:20  Missile Turret  
  31  13:32  Planetary Fortress  
  30  13:37  Marine x2, Marauder  
  34  13:56  Missile Turret  
  34  14:00  Missile Turret  
  26  14:29  Siege Tank  
  26  14:31  Marine x2  
  31  14:54  SCV  
  32  15:06  SCV  
  33  15:09  Marine x3  
  36  15:18  SCV  
  37  15:27  Marine  
  37  15:28  Marine  
  39  15:29  Missile Turret  
  37  15:56  Viking  
  39  15:58  Marine x2  
  41  16:04  SCV  
  42  16:16  Supply Depot  
  39  17:06  Viking  
  41  17:17  Missile Turret  
  43  17:45  Missile Turret  
Show
View Real Time Build Order
Export as new Build Order

IagoAbreu Terran 

Build Orders:  

Get SALT Encoding   

  12  0:13  SCV, Supply Depot  
  13  0:25  SCV  
  14  0:36  Supply Depot  
  14  0:38  SCV  
  15  0:52  Barracks  
  16  0:57  SCV  
  16  1:04  Engineering Bay  
  16  1:17  SCV  
  17  1:30  SCV  
  18  1:38  Refinery  
  18  1:44  Barracks  
  18  1:48  Barracks  
  18  1:52  SCV  
  19  1:58  Marine  
  20  2:05  Orbital Command  
  20  2:16  Marine  
  21  2:39  Command Center  
  21  2:46  Marine  
  21  2:47  Marine x2  
  21  2:50  SCV  
  25  2:56  Terran Infantry Weapons Level 1  
  25  3:04  Barracks  
  25  3:10  Barracks  
  25  3:23  Barracks Reactor x2  
  25  3:24  Marine  
  26  3:33  SCV  
  27  3:43  Barracks Reactor  
  27  3:58  Orbital Command  
  27  4:19  Barracks Tech Lab  
  27  4:22  Marine x3  
  27  4:23  Marine x3  
  33  4:39  Supply Depot  
  33  4:40  Marine x5  
  33  4:41  Marine  
  33  4:43  SCV, Supply Depot  
  40  4:46  Combat Shields  
  40  4:55  SCV  
  40  4:58  Marine x5  
  46  5:01  Marine  
  46  5:05  Supply Depot  
  46  5:06  Supply Depot  
  47  5:09  SCV  
  49  5:21  SCV  
  49  5:22  Marine x5  
  49  5:23  Marine  
  49  5:26  Marauder  
  46  6:09  Reaper x4  
  46  6:10  Reaper  
  49  6:13  Marine  
  40  6:20  Marauder  
  41  6:30  SCV  
  41  6:31  Marine  
  43  6:41  Marine x4  
  43  6:42  SCV, Marine  
  43  6:44  Command Center  
  49  6:49  Marine  
  49  6:53  Refinery  
  50  6:59  Marine x4  
  50  7:00  Marine  
  55  7:06  Marine  
  56  7:16  Marine  
  56  7:17  Marine x3  
  56  7:18  Marine  
  45  7:51  Factory  
  49  8:12  Reaper x5  
  48  8:15  Marine  
  35  8:33  Marine, Marauder  
  36  8:44  Marine x5  
  41  8:51  Marine  
  41  8:52  Refinery  
  41  8:53  Refinery  
  41  8:54  Marauder  
  44  9:01  Marine  
  44  9:02  Marine x4  
  49  9:08  Starport  
  49  9:09  Marine  
  50  9:11  Factory Reactor  
  50  9:16  Marauder  
  52  9:19  Marine x3  
  52  9:20  Marine x2  
  57  9:49  Sensor Tower  
  33  10:20  Starport Reactor  
  33  10:24  Starport  
  30  10:29  Marine x6  
  30  10:32  Orbital Command  
  36  10:46  Marine  
  36  10:47  Marine x5  
  36  10:49  Refinery  
  42  10:52  Refinery  
  42  10:59  Liberator x2  
  42  11:03  Marauder  
  44  11:05  Starport Reactor  
  50  11:24  Marauder  
  44  11:42  Liberator x2  
  44  11:45  Liberator x2  
  31  12:00  SCV  
  44  12:12  SCV  
  45  12:24  SCV  
  46  12:35  Liberator  
  46  12:36  SCV, Liberator x2  
  53  12:58  Marine  
  53  12:59  Marine x6  
  52  13:16  Marine x3  
  52  13:17  Marine x4  
  47  13:34  Marine x4  
  47  13:35  Marine x3  
  47  13:52  Marine x5  
  47  13:53  Marine  
  51  14:10  Liberator  
  51  14:11  Liberator x2  
  22  14:54  Orbital Command  
  22  14:56  Orbital Command  
  15  15:22  SCV  
  16  15:34  SCV  
  17  15:46  SCV  
  9  15:59  SCV  
  10  16:11  SCV  
  11  16:15  Viking x2  
  11  16:18  Marine x5  
  15  16:59  SCV x2  
  15  17:00  SCV  
  18  17:11  SCV  
  18  17:12  SCV x2  
  21  17:23  SCV  
  21  17:24  SCV  
Tags
 
Add a new tag
Caveats
  • Supply blocks, unpowered buildings, or Contaminate may cause inaccurate times.
  • Supply counts are checked every 10 seconds.